 Dungeon Crawl Stone Soup version 0.28.0-53-g5a82cb258f (webtiles) character file.

Game seed: 8157203921304545059

48066 concernfroge the Eclecticist (level 14, -11/63 (68) HPs)
             Began as a Deep Elf Conjurer on June 19, 2022.
             Was a High Priest of Vehumet.
             Killed from afar by Nergalle (45 damage)
             ... with a bolt of negative energy
             ... on level 1 of the Orcish Mines.
             The game lasted 01:44:20 (17526 turns).

concernfroge the Eclecticist (Deep Elf Conjurer)   Turns: 17526, Time: 01:44:22

HP:   -11/63 (68)   AC: 12    Str:  4    XL:     14   Next: 10%
MP:   15/37         EV: 12    Int: 29    God:    Vehumet [*****.]
Gold: 602           SH:  0    Dex: 15    Spells: 34/48 levels left

rFire   + . .      SeeInvis .   g - +9 short sword of Defilement {vamp, rC+ Dex+2 Stlth+}
rCold   + + .      Faith    .   (no shield)
rNeg    . . .      Spirit   .   k - +2 robe {rC+}
rPois   .          Reflect  .   N - +2 hood of the Assassin {Detection Stab+ Stlth++}
rElec   .          Harm     .   e - +2 cloak
rCorr   +          Rampage  .   d - +2 pair of gloves
Will    +....                   (no boots)
Stlth   +++++.....              a - amulet of magic regeneration
HPRegen 0.20/turn               c - ring of protection from fire
MPRegen 0.65/turn               l - ring of resist corrosion

@: drained
A: no striking features
a: Renounce Religion


You were on level 1 of the Orcish Mines.
You worshipped Vehumet.
Vehumet was extremely pleased with you.
You visited 4 branches of the dungeon, and saw 18 of its levels.

You collected 1178 gold pieces.
You spent 576 gold pieces at shops.

Inventory:

Hand Weapons
 g - the +9 short sword of Defilement (weapon) {vamp, rC+ Dex+2 Stlth+}
   (You found it on level 2 of the Dungeon)

   It occasionally heals its wielder for a portion of the damage dealt when it
   wounds a living foe.
   Dex:       It affects your dexterity (+2).
   rC:        It protects you from cold.
   Stlth:     It makes you more stealthy.
Missiles
 v - 8 throwing nets (quivered)
Armour
 d - a +2 pair of gloves (worn)
 e - a +2 cloak (worn)
 k - a +2 robe of cold resistance (worn)
 N - the +2 hood of the Assassin (worn) {Detection Stab+ Stlth++}
   (You found it on level 6 of the Lair of Beasts)

   It allows the wearer to sense nearby creatures.
   It allows the wearer to make particularly effective stabbing attacks against
   helpless or unaware enemies with any weapon.
   Stlth:     It makes you much more stealthy.
Jewellery
 a - an amulet of magic regeneration (around neck)
 c - a ring of protection from fire (left hand)
 l - a ring of resist corrosion (right hand)
Wands
 j - a wand of paralysis (4)
 y - a wand of acid (6)
 D - a wand of digging (2)
 F - a wand of iceblast (12)
 J - a wand of polymorph (11)
 M - a wand of charming (2)
Scrolls
 b - 4 scrolls of enchant armour
 f - 4 scrolls of enchant weapon
 h - a scroll of brand weapon
 o - 2 scrolls of holy word
 r - 2 scrolls of torment
 s - 3 scrolls of amnesia
 u - a scroll of acquirement
 w - 2 scrolls of fog
 A - 2 scrolls of noise
 B - 3 scrolls of teleportation
 E - 2 scrolls of vulnerability
 G - 2 scrolls of fear
 H - a scroll of identify
Potions
 m - 2 potions of brilliance
 n - 3 potions of lignification
 p - 4 potions of haste
 x - 2 potions of magic
 z - 4 potions of might
 C - a potion of cancellation
 L - a potion of ambrosia


   Skills:
 - Level 2.4 Dodging
 - Level 2.4 Stealth
 + Level 17.5 Spellcasting
 + Level 15.3 Conjurations
 + Level 16.8 Hexes
 + Level 9.0 Translocations
 + Level 4.2 Evocations


You had 34 spell levels left.
You knew the following spells:

 Your Spells              Type           Power      Damage    Failure   Level
a - Magic Dart            Conj           100%       1d8       0%          1
b - Searing Ray           Conj           100%       2d8       0%          2
c - Dazzling Flash        Conj/Hex       100%       N/A       0%          3
d - Fulminant Prism       Conj/Hex       43%        3d20      0%          4
e - Iskenderun's Mystic   Conj/Tloc      77%        2d15      1%          4

Your spell library contained the following spells:

 Spells                   Type           Power      Damage    Failure   Level
 Yara's Violent Unravell  Hex/Tmut       32%        3d13      1%          5
 Apportation              Tloc           100%       N/A       1%          1
 Pain                     Necr           100%       1d9       1%          1
 Ensorcelled Hibernation  Hex/Ice        100%       N/A       1%          2
 Ignite Poison            Fire/Tmut/Pois 25%        N/A       1%          3
 Mephitic Cloud           Conj/Pois/Air  53%        N/A       1%          3
 Anguish                  Hex/Necr       32%        N/A       1%          4
 Freezing Cloud           Conj/Ice/Air   26%        6-21      1%          5
 Call Imp                 Summ           25%        N/A       2%          2
 Spider Form              Tmut/Pois      25%        N/A       5%          3
 Agony                    Necr           25%        N/A       43%         5
 Alistair's Intoxication  Tmut/Pois      16%        N/A       43%         5
 Excruciating Wounds      Necr           12%        N/A       43%         5


Dungeon Overview and Level Annotations

Branches:
Dungeon (9/15)             Temple (1/1) D:6            Lair (6/6) D:8
 Shoals (0/4) Lair:4       Spider (0/4) Lair:4        Slime (0/5) Lair:5
    Orc (2/2) D:9             Elf (0/3) Orc:2

Altars:
Ashenzari
Cheibriados
Dithmenos
Elyvilon
Fedhas
Gozag
Hepliaklqana
Kikubaaqudgha
Makhleb
Nemelex Xobeh
Okawaru
Qazlal
Ru
Sif Muna
Trog
Uskayaw
Vehumet
Wu Jian
Xom
Yredelemnul
Zin
The Shining One
Beogh
Jiyva

Shops:
D:7 (   D:9 *(*=

Annotations:
Orc:1 Nergalle


Message History

Your fulminant prism crackles loudly.
Found 12 gold pieces.
Your fulminant prism explodes!
Your fulminant prism crackles loudly.
Casting: Fulminant Prism (safe; 0% risk of failure)
Confirm with . or Enter, or press ? or * to list all spells.
Aiming: Fulminant Prism (safe; 0% risk of failure)
Press: ? - help, Dir - move target You conjure a prism of explosive energy!
A fulminant prism comes into view.
Your fulminant prism explodes!
Vehumet accepts your kill.
You feel a bit more experienced.
Nergalle yells, "What are YOU looking at?"
Your fulminant prism crackles loudly.
Your fulminant prism explodes!
Casting: Fulminant Prism (safe; 0% risk of failure)
Confirm with . or Enter, or press ? or * to list all spells.
Aiming: Fulminant Prism (safe; 0% risk of failure)
Press: ? - help, Dir - move target You conjure a prism of explosive energy!
A fulminant prism comes into view.
An ogre comes into view. It is wielding a +0 giant club.
Your fulminant prism crackles loudly.
Your fulminant prism explodes!
The blast of energy engulfs Nergalle!
Nergalle is severely wounded.
Casting: Fulminant Prism (safe; 0% risk of failure)
Confirm with . or Enter, or press ? or * to list all spells.
Aiming: Fulminant Prism (safe; 0% risk of failure)
Press: ? - help, Dir - move target You conjure a prism of explosive energy!
A fulminant prism comes into view.
Nergalle asks, "There's a tasty morsel, hm?"
Nergalle gestures at you while chanting.
The bolt of negative energy hits your fulminant prism.
Your fulminant prism completely resists.
The bolt of negative energy hits you!!!
You feel drained.
Ouch! That really hurt!
You die...

......$.....)).†.....#
...........)).)†).....
.##......).#).O).)o.....
..#....)...#.#.#.......
.........#...###......
#......#...## ......
##.#...o#...# ......
...#.....*..#...# #.....
.......@.....#.## .....
.....$..##..##.# $.#.#
............# ..
....#........#.#.
.....#.##.#.## #.
......# ##### .....#
#.##


You could see Nergalle (ally target), an ogre and a friendly fulminant prism.

Vanquished Creatures
  Kirke (Lair:4)
  4 hydras
  A boulder beetle (Lair:1)
  5 catoblepae
  7 death yaks (Lair:6)
  Sonja (Orc:1)
  The ghost of concernfroge the Ogre Mage, a novice OgFE of Vehumet (D:5)
  2 manticores (Lair:6)
  9 elephants
  6 black mambas
  7 cane toads
  A torpor snail (Lair:3)
  3 komodo dragons
  Maggie (D:6)
  A rime drake (Lair:4)
  2 merfolk (Lair:4)
  2 trolls (Orc:1)
  8 blink frogs (Lair:3)
  18 dream sheep
  4 basilisks
  54 yaks
  5 wyverns
  A human (D:9)
  6 hogs (Lair:4)
  A steam dragon (D:9)
  2 wargs
  2 redbacks (Lair:4)
  15 water moccasins
  11 orc warriors
  2 sky beasts (D:7)
  2 black bears
  A hornet zombie (D:4)
  An ice beast (D:6)
  11 ogres
  32 wolves
  A phantom (D:5)
  A centaur (Orc:2)
  A kobold brigand (D:9)
  5 gnoll sergeants
  11 bullfrogs
  3 howler monkeys (D:8)
  7 wights
  7 electric eels
  A centaur zombie (D:9)
  A bullfrog zombie (D:6)
  2 bullfrog skeletons
  4 hounds (D:7)
  3 jellies
  18 orc priests
  2 gnoll shamans (D:7)
  Jessica (D:3)
  2 iguanas
  9 orc wizards
  7 hell rats (Lair:4)
  2 hound skeletons
  31 gnolls
  10 adders
  A white imp (D:6)
  44 orcs
  11 ball pythons
  6 endoplasms
  3 giant cockroaches
  8 goblins
  5 hobgoblins
  11 jackals
  6 kobolds
  4 quokkas
  6 bats
  3 frilled lizards
  5 rats
  2 fulminant prisms
474 creatures vanquished.

Vanquished Creatures (collateral kills)
  A warg (Orc:1)
  2 orc warriors (Orc:1)
  An orc priest (Orc:1)
  An orc wizard (Orc:1)
  2 orcs (Orc:1)
7 creatures vanquished.

Vanquished Creatures (others)
  A human (Lair:4)
  234 fulminant prisms
  37 fungi
  79 plants
351 creatures vanquished.

Grand Total: 832 creatures vanquished

Notes
Turn   | Place    | Note
-------+----------+-------------------------------------------
     0 | D:1      | concernfroge the Deep Elf Conjurer began the quest for the
                  | Orb.
     0 | D:1      | Reached XP level 1. HP: 10/10 MP: 6/6
   249 | D:1      | Reached XP level 2. HP: 15/15 MP: 4/8
   252 | D:1      | Learned a level 2 spell: Searing Ray
   616 | D:1      | Reached skill level 4 in Spellcasting
   899 | D:1      | Reached skill level 5 in Conjurations
   899 | D:1      | Reached XP level 3. HP: 19/19 MP: 8/10
   903 | D:1      | Learned a level 3 spell: Dazzling Flash
  1162 | D:2      | Identified the +9 short sword of Defilement {vamp, rC+
                  | Dex+2 Stlth+}
  1683 | D:2      | Reached XP level 4. HP: 24/24 MP: 7/12
  1691 | D:2      | Learned a level 4 spell: Fulminant Prism
  1848 | D:3      | Noticed Jessica
  1854 | D:3      | Killed Jessica
  1855 | D:3      | Reached skill level 5 in Spellcasting
  1855 | D:3      | Reached skill level 1 in Hexes
  2789 | D:4      | Reached XP level 5. HP: 13/28 MP: 2/15
  2959 | D:4      | Reached XP level 6. HP: 32/32 MP: 12/16
  3007 | D:4      | Reached skill level 6 in Spellcasting
  3367 | D:5      | Entered Level 5 of the Dungeon
  3397 | D:5      | Noticed an orc warrior
  3400 | D:5      | Noticed concernfroge's ghost (novice OgFE)
  3414 | D:5      | Found a runed translucent gate.
  3414 | D:5      | Found a runed translucent gate.
  3415 | D:5      | Found a runed translucent gate.
  3497 | D:5      | Learned a level 4 spell: Iskenderun's Mystic Blast
  3597 | D:5      | Reached XP level 7. HP: 36/36 MP: 13/19
  3860 | D:5      | Reached skill level 7 in Spellcasting
  3862 | D:5      | Reached skill level 5 in Hexes
  4278 | D:5      | Killed concernfroge's ghost
  4279 | D:5      | Reached skill level 8 in Spellcasting
  4279 | D:5      | Reached XP level 8. HP: 26/41 MP: 7/22
  4662 | D:6      | Found a staircase to the Ecumenical Temple.
  4671 | Temple   | Entered the Ecumenical Temple
  4904 | Temple   | Became a worshipper of Vehumet
  4989 | D:6      | Noticed Maggie
  4990 | D:6      | Reached skill level 9 in Spellcasting
  4999 | D:6      | Killed Maggie
  5029 | D:6      | Reached XP level 9. HP: 45/45 MP: 5/24
  5643 | D:6      | Reached skill level 10 in Spellcasting
  6058 | D:7      | Found Otoohi's Antique Weapon Shop.
  6086 | D:7      | Reached * piety under Vehumet
  6086 | D:7      | Offered knowledge of Sandblast by Vehumet.
  7060 | D:7      | Reached skill level 11 in Spellcasting
  7063 | D:7      | Offered knowledge of Scorch by Vehumet.
  7066 | D:7      | Reached ** piety under Vehumet
  7067 | D:7      | Reached skill level 10 in Conjurations
  7141 | D:7      | Reached skill level 10 in Hexes
  7448 | D:8      | Reached XP level 10. HP: 50/50 MP: 16/27
  7479 | D:8      | Reached skill level 12 in Spellcasting
  7562 | D:8      | Found a staircase to the Lair.
  7570 | D:8      | Offered knowledge of Static Discharge by Vehumet.
  8235 | D:8      | Found a shadowy altar of Dithmenos.
  8359 | Lair:1   | Entered Level 1 of the Lair of Beasts
  8428 | Lair:1   | You fall into a shaft and drop 1 floor!
  8453 | Lair:2   | Noticed an eight-headed hydra
  8457 | Lair:2   | Reached *** piety under Vehumet
  8458 | Lair:2   | Noticed a black mamba
  8461 | Lair:2   | Reached skill level 13 in Spellcasting
  8461 | Lair:2   | Killed an eight-headed hydra
  8462 | Lair:2   | Killed a black mamba
  8463 | Lair:2   | Reached XP level 11. HP: 30/54 MP: 8/30
  8623 | Lair:1   | Noticed an eight-headed hydra
  8633 | Lair:1   | Killed an eight-headed hydra
  8790 | Lair:1   | Offered knowledge of Stone Arrow by Vehumet.
  9149 | Lair:1   | Noticed a boulder beetle
  9174 | Lair:1   | Killed a boulder beetle
  9292 | Lair:1   | Reached skill level 14 in Spellcasting
  9990 | Lair:3   | Noticed a catoblepas
 10022 | Lair:3   | Killed a catoblepas
 10379 | Lair:3   | Reached skill level 1 in Translocations
 10453 | Lair:3   | Reached **** piety under Vehumet
 10550 | Lair:3   | Offered knowledge of Inner Flame by Vehumet.
 10636 | Lair:3   | Reached XP level 12. HP: 58/59 MP: 2/32
 10824 | Lair:3   | Reached skill level 15 in Spellcasting
 11463 | Lair:4   | Identified a scroll of acquirement
 11726 | Lair:4   | Noticed a seven-headed hydra
 11738 | Lair:4   | Killed a seven-headed hydra
 11756 | Lair:4   | Reached skill level 5 in Translocations
 11895 | Lair:4   | Found a staircase to the Shoals.
 12103 | Lair:4   | Reached skill level 15 in Hexes
 12234 | Lair:4   | Noticed Kirke
 12234 | Lair:4   | Reached ***** piety under Vehumet
 12243 | Lair:4   | Killed Kirke
 12243 | Lair:4   | Offered knowledge of Eringya's Noxious Bog by Vehumet.
 12244 | Lair:4   | Reached skill level 16 in Spellcasting
 12616 | Lair:4   | Noticed a catoblepas
 12626 | Lair:4   | Killed a catoblepas
 12674 | Lair:4   | Noticed a five-headed hydra
 12684 | Lair:4   | Killed a five-headed hydra
 12685 | Lair:4   | Reached XP level 13. HP: 63/63 MP: 30/35
 13014 | Lair:4   | Found a hole to the Spider Nest.
 13911 | Lair:5   | Found a viscous altar of Jiyva.
 13911 | Lair:5   | Found a staircase to the Slime Pits.
 14435 | Lair:6   | Entered Level 6 of the Lair of Beasts
 14530 | Lair:6   | Found a hide-covered altar of Uskayaw.
 14767 | Lair:6   | Reached skill level 1 in Evocations
 14958 | Lair:6   | Reached skill level 17 in Spellcasting
 15159 | Lair:6   | Reached skill level 15 in Conjurations
 15573 | Lair:6   | Found the +2 hood of the Assassin {Detection Stab+ Stlth++}
 15985 | D:9      | Offered knowledge of Yara's Violent Unravelling by Vehumet.
 16101 | D:9      | Found Quyf's Assorted Antiques.
 16176 | D:9      | Bought a scroll of identify for 48 gold pieces
 16177 | D:9      | Bought a scroll of teleportation for 72 gold pieces
 16177 | D:9      | Bought a scroll of teleportation for 72 gold pieces
 16177 | D:9      | Bought a scroll of fear for 84 gold pieces
 16317 | D:9      | Found a staircase to the Orcish Mines.
 16397 | D:9      | Found Cuetyloy's Assorted Antiques.
 16403 | D:9      | Bought a scroll of identify for 60 gold pieces
 16403 | D:9      | Bought a scroll of identify for 60 gold pieces
 16403 | D:9      | Bought a wand of paralysis (3) for 60 gold pieces
 16403 | D:9      | Bought a wand of iceblast (7) for 120 gold pieces
 16718 | D:9      | Found Nypp's Jewellery Shoppe.
 16825 | D:9      | Found Luiqed's Antique Weapon Shoppe.
 17293 | Orc:1    | Entered Level 1 of the Orcish Mines
 17301 | Orc:1    | Reached XP level 14. HP: 68/68 MP: 18/37
 17405 | Orc:2    | Entered Level 2 of the Orcish Mines
 17436 | Orc:1    | HP: 2/68 [orc priest/divine providence (12)]
 17442 | Orc:1    | Noticed Sonja
 17474 | Orc:1    | Killed Sonja
 17515 | Orc:1    | Noticed Nergalle
 17526 | Orc:1    | Killed from afar by Nergalle

Illustrated notes

Levels and vault maps discovered:
D:1:      dpeg_arrival_rooms_b, layout_rooms, fountainhead
D:2:      layout_loops_ring, minmay_circle_x
D:3:      layout_loops_ring, uniq_jessica
D:4:      layout_cave_pools
D:5:      layout_loops_corners, gammafunk_ghost_split, st_stairs_3
D:6:      layout_gridville, minmay_temple_entry_overgrown, uniq_maggie
D:7:      layout_cave_pools, serial_gnoll_camp, gnoll_camp_mini_shop,
          gnoll_camp_mini_loothouse, gnoll_camp_mini_basic,
          gnoll_camp_mini_house, gnoll_camp_huts_moat, serial_bayou_ford_a
D:8:      layout_cave_pools, mainiacjoe_overflow_cross_hatched,
          minmay_lair_entry_grove, kennysheep_path_1
D:9:      layout_loops_corners, erik_orc_4, serial_shops,
          nicolae_shop_hallway_stairs, shop, shop, nicolae_diamond_shop,
          minmay_misc_feat_five, david_defended_altar_orc
Temple:   mainiacjoe_temple_hex_bubbles
Lair:1:   layout_loops_ring, nzn_sisyphean_effort, lemuel_fruit_fields
Lair:2:   layout_misc_corridors
Lair:3:   layout_cave_pods, serial_bayou_shore_a
Lair:4:   layout_hall_layers, elwin_shoals_entry_rooms, spider_nest_entry_webs,
          grunt_megastairs_2, infiniplex_staircase_pool_2, uniq_kirke
Lair:5:   layout_regular_city, slime_altar_1, lemuel_fruit_tree,
          grunt_megastairs_5
Lair:6:   evilmike_catoblepas_cave, layout_loops_ring, basic_altar
Orc:1:    lemuel_ogre_cave, layout_caves, mines2_david, uniq_nergalle,
          uniq_sonja
Orc:2:    st_orc_rangers, layout_caves, nicolae_volcano_entry_vermiform,
          elf_legates

Skill      XL: |  1  2  3  4  5  6  7  8  9 10 11 12 13 14 |
---------------+-------------------------------------------+-----
Spellcasting   | 4 5 6 8 9 11 13 14 16 17 | 17.5
Conjurations   | 5 6 8 10 11 13 14 15 | 15.3
Hexes          | 2 3 4 6 8 10 12 14 15 16 | 16.8
Translocations | 3 6 8 9 |  9.0
Evocations     | 3 4 |  4.2
Dodging        | |  2.4
Stealth        | |  2.4

Action                   |  1- 3 |  4- 6 |  7- 9 | 10-12 | 13-15 || total
-------------------------+-------+-------+-------+-------+-------++-------
Melee: Short sword       |       |     4 |       |     1 |       ||     5
 Cast: Magic Dart        |    65 |    61 |   118 |    88 |    26 ||   358
       Searing Ray       |     5 |    15 |    28 |    55 |    50 ||   153
       Fulminant Prism   |       |     2 |    38 |    83 |   114 ||   237
       Iskenderun's Myst |       |       |     3 |    56 |    57 ||   116
       Dazzling Flash    |       |       |     2 |       |       ||     2
Evoke: Wand              |       |       |       |     2 |     7 ||     9
  Use: Scroll            |       |     6 |     7 |     2 |    12 ||    27
       Potion            |       |     1 |     5 |     3 |     7 ||    16
 Stab: Paralysed         |       |       |       |     1 |       ||     1
Armor: Robe              |     2 |     2 |    12 |    26 |    15 ||    57
Dodge: Dodged            |     9 |     5 |    29 |    39 |    30 ||   112
